| TOP OF THE 1ST |
|
Williamsport Crosscutters batting - Pitching for Eugene Emeralds : RHP Jose Ramirez
|
|
Pitching: RHP Jose Ramirez
|
|
|
Batting: RHB Prabhukumar Santhanakrishnan
|
0-0: Foul Ball, location: 2F 0-1: Swinging Strike 0-2: Ball 1-2: Foul Ball, location: 2F 1-2: Ball 2-2: Ball 3-2: Base on Balls
|
|
Batting: RHB Ken Gadberry
|
0-0: Ball 1-0: Ball 2-0: SINGLE (Groundball, 6D, EV 107.5 MPH) Prabhukumar Santhanakrishnan to second
|
|
Batting: LHB Tsuneharu Nishimura
|
0-0: Called Strike 0-1: Fielders Choice at 2nd, 3-6 (Groundball, 34, EV 83.1 MPH) Prabhukumar Santhanakrishnan to third
|
|
Batting: RHB Matt McDevitt
|
0-0: Swinging Strike 0-1: Called Strike 0-2: Foul Ball, location: 2F 0-2: Ball 1-2: Strikes out swinging
|
|
Batting: RHB Moritake Fukumoto
|
0-0: Fly out, F9 (Flyball, 9, EV 93.1 MPH)
|
| Top of the 1st over - 0 runs, 1 hit, 0 errors, 2 left on base; Williamsport 0 - Eugene 0 |
| BOTTOM OF THE 1ST |
|
Eugene Emeralds batting - Pitching for Williamsport Crosscutters : RHP Victor Hurtado
|
|
Pitching: RHP Victor Hurtado
|
|
|
Batting: RHB Garrett Granata
|
0-0: Called Strike 0-1: Ground out 4-3 (Groundball, 4M, EV 81.9 MPH)
|
|
Batting: RHB Chris Slama
|
0-0: Ball 1-0: Ball 2-0: Called Strike 2-1: Ground out 4-3 (Groundball, 4, EV 80.6 MPH)
|
|
Batting: RHB Francisco Ramirez
|
0-0: Ball 1-0: Ball 2-0: SINGLE (Flyball, 6MD, EV 93.8 MPH)
|
|
Batting: LHB Trevor Spaulding
|
0-0: SINGLE (Groundball, 3D, EV 105.6 MPH) Francisco Ramirez to second Runner from 2nd tries for 3rd, SAFE, throw by RF made to third
|
|
Batting: LHB Kwang-chih Men
|
0-0: Fielders Choice at 2nd, 6-4 (Groundball, 6, EV 85.0 MPH)
|
| Bottom of the 1st over - 0 runs, 2 hits, 0 errors, 2 left on base; Williamsport 0 - Eugene 0 |
| TOP OF THE 2ND |
|
Williamsport Crosscutters batting - Pitching for Eugene Emeralds : RHP Jose Ramirez
|
|
Batting: RHB Allen Gravel
|
0-0: Ball 1-0: Foul Ball, location: 2F 1-1: Called Strike 1-2: SINGLE (Groundball, 6MD, EV 108.8 MPH)
|
|
Batting: SHB Jeff Echt
|
0-0: Ball 1-0: Called Strike 1-1: Swinging Strike 1-2: Ball 2-2: Strikes out looking
|
|
Batting: RHB Jimmy Misener
|
0-0: Ball 1-0: Ball 2-0: Called Strike 2-1: Ball 3-1: Foul Ball, location: 2F 3-2: Foul Ball, location: 2F 3-2: Base on Balls Allen Gravel to second
|
|
Batting: RHB Cory Bonham
|
0-0: Foul Ball, location: 2F 0-1: Fielders Choice at 2nd, 5-4 (Groundball, 56, EV 88.8 MPH) Allen Gravel to third
|
|
Batting: RHB Prabhukumar Santhanakrishnan
|
0-0: Ball 1-0: Ball 2-0: Called Strike 2-1: Ball 3-1: Base on Balls Cory Bonham to second
|
|
Batting: RHB Ken Gadberry
|
0-0: Ball 1-0: Ball 2-0: Called Strike 2-1: Fly out, F9 (Flyball, 9, EV 98.1 MPH)
|
| Top of the 2nd over - 0 runs, 1 hit, 0 errors, 3 left on base; Williamsport 0 - Eugene 0 |
| BOTTOM OF THE 2ND |
|
Eugene Emeralds batting - Pitching for Williamsport Crosscutters : RHP Victor Hurtado
|
|
Batting: LHB Mark Huey
|
0-0: Ball 1-0: SINGLE (Groundball, 4MS, EV 68.8 MPH) (infield hit)
|
|
Batting: SHB Bob Hamilton
|
0-0: Ball 1-0: Ball 2-0: Called Strike 2-1: Ball 3-1: Foul Ball, location: 2F 3-2: Base on Balls Mark Huey to second
|
|
Batting: RHB Brian Gargis
|
0-0: Fly out, F8 (Flyball, 8LM, EV 86.9 MPH)
|
|
Batting: RHB Jonathan Ridgely
|
0-0: Called Strike 0-1: Ball Mark Huey steals 3rd base 1-1: Swinging Strike 1-2: Foul Ball, location: 2F 1-2: Ball 2-2: Ball 3-2: Fly out, F6 (Line Drive, 6, EV 75.0 MPH)
|
|
Batting: RHB Garrett Granata
|
0-0: Ball 1-0: Called Strike 1-1: Swinging Strike 1-2: Strikes out looking
|
| Bottom of the 2nd over - 0 runs, 1 hit, 0 errors, 2 left on base; Williamsport 0 - Eugene 0 |
| TOP OF THE 3RD |
|
Williamsport Crosscutters batting - Pitching for Eugene Emeralds : RHP Jose Ramirez
|
|
Batting: LHB Tsuneharu Nishimura
|
0-0: Called Strike 0-1: Ball 1-1: Called Strike 1-2: Foul Ball, location: 2F 1-2: Foul Ball, location: 2F 1-2: SOLO HOME RUN (Flyball, 89XD, EV 100.0 MPH), Distance : 394 ft
|
|
Batting: RHB Matt McDevitt
|
0-0: Ball 1-0: Ball 2-0: Swinging Strike 2-1: Ball 3-1: Foul Ball, location: 2F 3-2: SINGLE (Groundball, 34D, EV 106.9 MPH)
|
|
Batting: RHB Moritake Fukumoto
|
0-0: Called Strike 0-1: Foul Ball, location: 2F 0-2: Fly out, F8 (Flyball, 8RS, EV 88.8 MPH)
|
|
Batting: RHB Allen Gravel
|
0-0: Foul Ball, location: 2F 0-1: Ball 1-1: Foul Ball, location: 2F 1-2: Ball 2-2: Ground out U3 (Groundball, 34S, EV 69.4 MPH) Matt McDevitt to second
|
|
Batting: SHB Jeff Echt
|
0-0: Ball 1-0: Ball 2-0: Ball 3-0: Called Strike 3-1: Swinging Strike 3-2: Strikes out swinging
|
| Top of the 3rd over - 1 run, 2 hits, 0 errors, 1 left on base; Williamsport 1 - Eugene 0 |
| BOTTOM OF THE 3RD |
|
Eugene Emeralds batting - Pitching for Williamsport Crosscutters : RHP Victor Hurtado
|
|
Batting: RHB Chris Slama
|
0-0: Ball 1-0: Ball 2-0: Swinging Strike 2-1: Ball 3-1: Base on Balls
|
|
Batting: RHB Francisco Ramirez
|
0-0: Ball Wild Pitch! Chris Slama to second 1-0: Foul Ball, location: 2F 1-1: Foul Ball, location: 2F 1-2: Ground out 6-3 (Groundball, 6MS, EV 66.9 MPH) Chris Slama to third
|
|
Batting: LHB Trevor Spaulding
|
0-0: Called Strike 0-1: Swinging Strike 0-2: Strikes out swinging
|
|
Batting: LHB Kwang-chih Men
|
0-0: Ball 1-0: Ball 2-0: Called Strike 2-1: Foul Ball, location: 2F 2-2: Strikes out looking
|
| Bottom of the 3rd over - 0 runs, 0 hits, 0 errors, 1 left on base; Williamsport 1 - Eugene 0 |
| TOP OF THE 4TH |
|
Williamsport Crosscutters batting - Pitching for Eugene Emeralds : RHP Jose Ramirez
|
|
Batting: RHB Jimmy Misener
|
0-0: Called Strike 0-1: SINGLE (Flyball, 89S, EV 93.1 MPH)
|
|
Pitching: RHP Jose Marrero
|
|
|
Batting: RHB Cory Bonham
|
0-0: TRIPLE (Flyball, 8RXD, EV 99.4 MPH) Jimmy Misener scores
|
|
Batting: RHB Prabhukumar Santhanakrishnan
|
0-0: Called Strike 0-1: Ball 1-1: Foul Ball, location: 2F 1-2: Ball 2-2: SINGLE (Groundball, 4D, EV 100.6 MPH) Cory Bonham scores
|
|
Batting: RHB Ken Gadberry
|
0-0: Called Strike Prabhukumar Santhanakrishnan steals 2nd base (no throw) 0-1: Ball 1-1: Swinging Strike 1-2: Strikes out swinging
|
|
Batting: LHB Tsuneharu Nishimura
|
0-0: Ball Wild Pitch! Prabhukumar Santhanakrishnan to third 1-0: Ball 2-0: Called Strike 2-1: Foul Ball, location: 2F 2-2: Fly out, F9 (Line Drive, 9, EV 83.8 MPH)
|
|
Batting: RHB Matt McDevitt
|
0-0: Swinging Strike 0-1: Ball 1-1: Ball 2-1: SINGLE (Line Drive, 8RS, EV 96.2 MPH) Prabhukumar Santhanakrishnan scores
|
|
Batting: RHB Moritake Fukumoto
|
0-0: Ball 1-0: Ball 2-0: SINGLE (Groundball, 6MD, EV 97.5 MPH) Matt McDevitt to second Runner from 2nd tries for 3rd, OUT! 8-5
|
| Top of the 4th over - 3 runs, 5 hits, 0 errors, 1 left on base; Williamsport 4 - Eugene 0 |
| BOTTOM OF THE 4TH |
|
Eugene Emeralds batting - Pitching for Williamsport Crosscutters : RHP Victor Hurtado
|
|
Batting: LHB Mark Huey
|
0-0: Called Strike 0-1: Swinging Strike 0-2: Ball 1-2: Ball 2-2: Strikes out looking
|
|
Batting: SHB Bob Hamilton
|
0-0: Ball 1-0: Ground out 4-3 (Groundball, 4S, EV 91.9 MPH)
|
|
Batting: RHB Brian Gargis
|
0-0: Ball 1-0: Ball 2-0: Called Strike 2-1: Foul Ball, location: 2F 2-2: Strikes out looking
|
| Bottom of the 4th over - 0 runs, 0 hits, 0 errors, 0 left on base; Williamsport 4 - Eugene 0 |
| TOP OF THE 5TH |
|
Williamsport Crosscutters batting - Pitching for Eugene Emeralds : RHP Jose Marrero
|
|
Batting: RHB Allen Gravel
|
0-0: Swinging Strike 0-1: Foul Ball, location: 2F 0-2: Ball 1-2: Ball 2-2: SINGLE (Groundball, 4MD, EV 102.5 MPH)
|
|
Batting: SHB Jeff Echt
|
0-0: Ball 1-0: Foul Ball, location: 2F 1-1: Ball 2-1: Ball 3-1: Foul Ball, location: 2F 3-2: Foul Ball, location: 2F 3-2: Fly out, F6 (Popup, 6MD, EV 45.6 MPH)
|
|
Batting: RHB Jimmy Misener
|
0-0: Called Strike 0-1: Ball 1-1: Ball 2-1: Called Strike 2-2: Foul Ball, location: 2F 2-2: Foul Ball, location: 2F 2-2: Foul Ball, location: 2F 2-2: Ball 3-2: Fielders Choice at 2nd, 5-4 (Groundball, 56, EV 85.6 MPH)
|
|
Batting: RHB Cory Bonham
|
0-0: Ball 1-0: Called Strike 1-1: Ball 2-1: Foul Ball, location: 2F 2-2: Foul Ball, location: 2F 2-2: Strikes out swinging
|
| Top of the 5th over - 0 runs, 1 hit, 0 errors, 1 left on base; Williamsport 4 - Eugene 0 |
| BOTTOM OF THE 5TH |
|
Eugene Emeralds batting - Pitching for Williamsport Crosscutters : RHP Victor Hurtado
|
|
Batting: RHB Jonathan Ridgely
|
0-0: Ball 1-0: Ball 2-0: Ball 3-0: Called Strike 3-1: Base on Balls
|
|
Batting: RHB Garrett Granata
|
0-0: Ball 1-0: Ball 2-0: SINGLE (Line Drive, 8LS, EV 106.2 MPH) Jonathan Ridgely to second
|
|
Batting: RHB Chris Slama
|
0-0: Ball 1-0: Ball 2-0: Ball 3-0: Called Strike 3-1: Fly out, F9 (Flyball, 89D, EV 103.8 MPH)
|
|
Batting: RHB Francisco Ramirez
|
0-0: Called Strike 0-1: Ball 1-1: Called Strike 1-2: Ball 2-2: Ball 3-2: Strikes out swinging
|
|
Batting: LHB Trevor Spaulding
|
0-0: Foul Ball, location: 2F 0-1: Ball Wild Pitch! Jonathan Ridgely to third Garrett Granata to second 1-1: Ball 2-1: Foul Ball, location: 2F 2-2: SINGLE (Line Drive, 78S, EV 111.2 MPH) Jonathan Ridgely scores Garrett Granata to third
|
|
Batting: LHB Kwang-chih Men
|
0-0: Foul Ball, location: 2F 0-1: Ball 1-1: Ball 2-1: Ball 3-1: Base on Balls Trevor Spaulding to second
|
|
Batting: LHB Mark Huey
|
0-0: Called Strike 0-1: Foul Ball, location: 2F 0-2: Ball 1-2: Strikes out looking
|
| Bottom of the 5th over - 1 run, 2 hits, 0 errors, 3 left on base; Williamsport 4 - Eugene 1 |
| TOP OF THE 6TH |
|
Williamsport Crosscutters batting - Pitching for Eugene Emeralds : RHP Jose Marrero
|
|
Batting: RHB Prabhukumar Santhanakrishnan
|
0-0: Ground out 6-3 (Groundball, 6M, EV 106.9 MPH)
|
|
Batting: RHB Ken Gadberry
|
0-0: Called Strike 0-1: Foul Ball, location: 2F 0-2: Ball 1-2: Ball 2-2: Strikes out looking
|
|
Batting: LHB Tsuneharu Nishimura
|
0-0: Ball 1-0: Called Strike 1-1: Ball 2-1: Ball 3-1: Base on Balls
|
|
Pitching: LHP Colin Scott
|
|
|
Batting: RHB Matt McDevitt
|
0-0: Called Strike Tsuneharu Nishimura steals 2nd base 0-1: Ball Wild Pitch! Tsuneharu Nishimura to third 1-1: Called Strike 1-2: Foul Ball, location: 2F 1-2: Strikes out swinging
|
| Top of the 6th over - 0 runs, 0 hits, 0 errors, 1 left on base; Williamsport 4 - Eugene 1 |
| BOTTOM OF THE 6TH |
|
Eugene Emeralds batting - Pitching for Williamsport Crosscutters : RHP Victor Hurtado
|
|
Pitching: RHP Dustin Hensley
|
|
|
Batting: SHB Bob Hamilton
|
0-0: Called Strike 0-1: Fly out, F8 (Flyball, 8LM, EV 77.5 MPH)
|
|
Batting: RHB Brian Gargis
|
0-0: Swinging Strike 0-1: Ball 1-1: Ball 2-1: Ball 3-1: Called Strike 3-2: Foul Ball, location: 2F 3-2: Foul Ball, location: 2F 3-2: Base on Balls
|
|
Batting: RHB Jonathan Ridgely
|
0-0: Ball Brian Gargis steals 2nd base 1-0: Ball 2-0: Fly out, F8 (Flyball, 8RD, EV 93.8 MPH)
|
|
Batting: RHB Garrett Granata
|
0-0: Foul Ball, location: 2F 0-1: Ball 1-1: Ball 2-1: Ball 3-1: Base on Balls
|
|
Batting: RHB Chris Slama
|
0-0: Called Strike 0-1: Swinging Strike 0-2: Strikes out swinging
|
| Bottom of the 6th over - 0 runs, 0 hits, 0 errors, 2 left on base; Williamsport 4 - Eugene 1 |
| TOP OF THE 7TH |
|
Williamsport Crosscutters batting - Pitching for Eugene Emeralds : LHP Colin Scott
|
|
Batting: RHB Moritake Fukumoto
|
0-0: Called Strike 0-1: Ground out 4-3 (Groundball, 34, EV 105.6 MPH)
|
|
Batting: RHB Allen Gravel
|
0-0: Ball 1-0: Ball 2-0: Ball 3-0: Called Strike 3-1: Called Strike 3-2: Base on Balls
|
|
Batting: SHB Jeff Echt
|
0-0: Called Strike 0-1: Ball 1-1: Foul Ball, location: 2F 1-2: Ball 2-2: Foul Ball, location: 2F 2-2: Strikes out swinging
|
|
Batting: RHB Jimmy Misener
|
0-0: Ball 1-0: Ball 2-0: Ball 3-0: Base on Balls Allen Gravel to second
|
|
Batting: RHB Cory Bonham
|
0-0: Ball 1-0: Ball 2-0: Swinging Strike 2-1: Foul Ball, location: 2F 2-2: Strikes out swinging
|
| Top of the 7th over - 0 runs, 0 hits, 0 errors, 2 left on base; Williamsport 4 - Eugene 1 |
| BOTTOM OF THE 7TH |
|
Eugene Emeralds batting - Pitching for Williamsport Crosscutters : RHP Dustin Hensley
|
|
Batting: RHB Francisco Ramirez
|
0-0: Fly out, F7 (Flyball, 7LS, EV 75.6 MPH)
|
|
Batting: LHB Trevor Spaulding
|
0-0: Called Strike 0-1: Ground out 5-3 (Groundball, 56, EV 83.8 MPH)
|
|
Batting: LHB Kwang-chih Men
|
0-0: Foul Ball, location: 2F 0-1: Ground out 4-3 (Groundball, 4, EV 81.9 MPH)
|
| Bottom of the 7th over - 0 runs, 0 hits, 0 errors, 0 left on base; Williamsport 4 - Eugene 1 |
| TOP OF THE 8TH |
|
Williamsport Crosscutters batting - Pitching for Eugene Emeralds : LHP Colin Scott
|
|
Pitching: LHP Mike Alexander
|
|
|
Batting: RHB Prabhukumar Santhanakrishnan
|
0-0: Called Strike 0-1: Ball 1-1: Single, Error in OF, E7, batter to second base (Groundball, 56D, EV 104.4 MPH)
|
|
Batting: RHB Ken Gadberry
|
0-0: Intentional Walk
|
|
Batting: LHB Tsuneharu Nishimura
|
0-0: Foul Ball, location: 2F 0-1: Ball 1-1: Called Strike Prabhukumar Santhanakrishnan steals 3rd base (no throw) 1-2: Ball 2-2: Ball 3-2: Strikes out swinging
|
|
Batting: RHB Matt McDevitt
|
0-0: Called Strike 0-1: Swinging Strike 0-2: SINGLE (Groundball, 6MD, EV 98.1 MPH) Prabhukumar Santhanakrishnan scores Ken Gadberry to second Runner from 2nd tries for 3rd, SAFE, throw by CF made to third
|
|
Batting: RHB Moritake Fukumoto
|
0-0: Called Strike 0-1: Foul Ball, location: 2F 0-2: Strikes out looking
|
|
Batting: RHB Allen Gravel
|
0-0: Called Strike 0-1: Ball 1-1: Ball 2-1: Foul Ball, location: 2F 2-2: Strikes out looking
|
| Top of the 8th over - 1 run, 2 hits, 1 error, 2 left on base; Williamsport 5 - Eugene 1 |
| BOTTOM OF THE 8TH |
|
Eugene Emeralds batting - Pitching for Williamsport Crosscutters : RHP Dustin Hensley
|
|
Pitching: RHP David LaBounty
|
|
|
Batting: LHB Mark Huey
|
0-0: Swinging Strike 0-1: Foul Ball, location: 2F 0-2: Ball 1-2: Ball 2-2: Ball 3-2: Strikes out swinging
|
|
Batting: SHB Bob Hamilton
|
0-0: Called Strike 0-1: Swinging Strike 0-2: Ball 1-2: Strikes out looking
|
|
Batting: RHB Brian Gargis
|
0-0: Swinging Strike 0-1: DOUBLE (Line Drive, 7LM, EV 113.8 MPH)
|
|
Batting: RHB Jonathan Ridgely
|
0-0: Ball 1-0: Swinging Strike 1-1: Called Strike 1-2: Strikes out swinging
|
| Bottom of the 8th over - 0 runs, 1 hit, 0 errors, 1 left on base; Williamsport 5 - Eugene 1 |
| TOP OF THE 9TH |
|
Williamsport Crosscutters batting - Pitching for Eugene Emeralds : LHP Mike Alexander
|
|
Pitching: LHP Oscar Stolarski
|
|
|
Batting: SHB Jeff Echt
|
0-0: Foul Ball, location: 2F 0-1: Called Strike 0-2: Strikes out swinging
|
|
Batting: RHB Jimmy Misener
|
0-0: Called Strike 0-1: Ball 1-1: Ball 2-1: Ball 3-1: Foul Ball, location: 2F 3-2: SOLO HOME RUN (Flyball, 89XD, EV 100.6 MPH), Distance : 410 ft
|
|
Batting: RHB Cory Bonham
|
0-0: Ball 1-0: Called Strike 1-1: Fly out, F2 (Popup, 23F, EV 89.4 MPH)
|
|
Batting: RHB Prabhukumar Santhanakrishnan
|
0-0: Called Strike 0-1: Ball 1-1: Ball 2-1: Ball 3-1: Called Strike 3-2: Base on Balls
|
|
Batting: RHB Ken Gadberry
|
0-0: Ball Prabhukumar Santhanakrishnan steals 2nd base 1-0: Swinging Strike 1-1: Foul Ball, location: 2F 1-2: Foul Ball, location: 2F 1-2: Ball Passed Ball! Prabhukumar Santhanakrishnan to third 2-2: Strikes out looking
|
| Top of the 9th over - 1 run, 1 hit, 0 errors, 1 left on base; Williamsport 6 - Eugene 1 |
| BOTTOM OF THE 9TH |
|
Eugene Emeralds batting - Pitching for Williamsport Crosscutters : RHP David LaBounty
|
|
Batting: RHB Garrett Granata
|
0-0: Foul Ball, location: 2F 0-1: Foul Ball, location: 2F 0-2: Strikes out swinging
|
|
Batting: RHB Chris Slama
|
0-0: Ball 1-0: Ball 2-0: Called Strike 2-1: Ball 3-1: Foul Ball, location: 2F 3-2: Base on Balls
|
|
Batting: RHB Francisco Ramirez
|
0-0: Ball Wild Pitch! Chris Slama to second 1-0: Ball 2-0: Ball 3-0: Called Strike 3-1: Foul Ball, location: 2F 3-2: Strikes out looking
|
|
Pitching: RHP Jorge Sanchez
|
|
|
Batting: LHB Trevor Spaulding
|
0-0: Called Strike 0-1: Ball 1-1: Foul Ball, location: 2F 1-2: Ground out 6-3 (Groundball, 6, EV 91.2 MPH)
|
| Bottom of the 9th over - 0 runs, 0 hits, 0 errors, 1 left on base; Williamsport 6 - Eugene 1 |
|